 Dungeon Crawl Stone Soup version 0.27-a0-1557-g57f10a385c (webtiles) character file.

Game seed: 2810716207113486849

14 Apogee the Skirmisher (level 2, 0/24 HPs)
             Began as a Formicid Abyssal Knight on July 15, 2021.
             Was a Follower of Lugonu.
             Succumbed to a kobold's poison
             ... on level 2 of the Dungeon.
             The game lasted 00:00:48 (307 turns).

Apogee the Skirmisher (Formicid Abyssal Knight)      Turns: 307, Time: 00:00:49

Health: 0/24       AC:  3    Str: 16    XL:     2   Next: 55%
Magic:  3/3        EV: 11    Int: 11    God:    Lugonu [*.....]
Gold:   9          SH:  0    Dex: 10    Spells: 1/1 levels left

rFire    . . .     SeeInvis +   a - +1 mace
rCold    . . .     Faith    .   (no shield)
rNeg     . . .     Spirit   .   b - +0 leather armour
rPois    .         Reflect  .   (helmet unavailable)
rElec    .         Harm     .   (no cloak)
rCorr    .         Rampage  .   (no gloves)
Will     .....                  (no boots)
Stlth    +.........             (no amulet)
HPRegen  0.08/turn              (no ring)
MPRegen  0.08/turn              (no ring)

@: lethally poisoned (0 -> -4)
A: permanent stasis, dig shafts and tunnels, antennae 3, four strong arms
a: Dig, Shaft Self, Renounce Religion, Depart the Abyss


You were on level 2 of the Dungeon.
You worshipped Lugonu.
Lugonu was aware of your devotion.
You visited 1 branch of the dungeon, and saw 2 of its levels.
You visited the Abyss 1 time.

You collected 9 gold pieces.

Inventory:

Hand Weapons
 a - a +1 mace (weapon)
Armour
 b - a +0 leather armour (worn)
Scrolls
 c - 2 scrolls of enchant armour {unknown}


   Skills:
 + Level 3.4 Fighting
 * Level 2.3 Maces & Flails
 + Level 2.4 Armour
 - Level 1.0 Dodging
 + Level 2.4 Invocations


You had one spell level left.
You didn't know any spells.
Your spell library was empty.

Dungeon Overview and Level Annotations

Branches:
Dungeon (1/15)

Altars:


Innate Abilities, Weirdness & Mutations

You cannot be hasted, slowed, berserked, paralysed or teleported.
You can dig through walls and to a lower floor.
You have a pair of large antennae on your head. (SInv)
Your four strong arms can wield two-handed weapons with a shield.


Message History

You sense a monster nearby.
No target in view!
Found 24 arrows.
You sense a monster nearby.
No target in view!
A kobold comes into view. It is wielding a +1 dagger of venom.
A kobold is nearby!
A kobold is nearby!
Found 21 stones.
A kobold is nearby!
You hit the kobold but do no damage. The kobold hits you but does no damage.
You are poisoned.
The kobold closely misses you.
A kobold is nearby!
You closely miss the kobold.
You feel very sick. The kobold barely misses you.
A kobold is nearby!
You hit the kobold.
You feel sick.
The kobold hits you with a +1 dagger of venom.
You are lethally poisoned!
You sock the kobold!
You kill the kobold!
Lugonu accepts your kill.
* * * LOW HITPOINT WARNING * * *
You feel very sick.
You aren't carrying any potions.
* * * LOW HITPOINT WARNING * * *
You feel very sick.
Okay, then.
You open the door.
* * * LOW HITPOINT WARNING * * *
You feel sick.
Are you sure you want to shaft yourself?
* * * LOW HITPOINT WARNING * * *
You feel sick.
You begin to dig a shaft.
You continue digging a shaft.
* * * LOW HITPOINT WARNING * * *
You feel sick. A shaft appears beneath you!
You fall into a shaft and drop 1 floor!
The shaft crumbles and collapses.
* * * LOW HITPOINT WARNING * * *
You feel sick.
The goblin shouts!
Found 18 gold pieces.
* * * LOW HITPOINT WARNING * * *
You feel sick.
A gnoll comes into view. It is wielding a +0 whip of pain.
You die...

. . ####g
.... { #..#
#$.# #..#
#@.# #..#
#..#
.g{......S.#
#######..###
####


You could see a gnoll (asleep) and a ball python.

Vanquished Creatures
  2 dart slugs (D:1)
  A ball python (D:1)
  An endoplasm (D:1)
  2 giant cockroaches (D:1)
  A goblin (D:1)
  A kobold (D:1)
  A rat (D:1)
9 creatures vanquished.

Notes
Turn   | Place    | Note
-------+----------+-------------------------------------------
     0 | Abyss:1  | Apogee the Formicid Abyssal Knight began the quest for the
                  | Orb.
     0 | Abyss:1  | Reached XP level 1. HP: 18/18 MP: 2/2
     1 | Abyss:1  | Found a corrupted altar of Lugonu.
    68 | D:1      | Escaped the Abyss
   112 | D:1      | Reached skill level 1 in Dodging
   159 | D:1      | Reached XP level 2. HP: 22/24 MP: 3/3
   162 | D:1      | Reached * piety under Lugonu
   305 | D:1      | You fall into a shaft and drop 1 floor!
   306 | D:2      | HP: 1/24 [poisoned by a kobold]
   307 | D:2      | Succumbed to a kobold's poison

Illustrated notes

Levels and vault maps discovered:
D:1:      shiori_arrival_maze, layout_basic, minmay_misc_feat_roman
D:2:      layout_loops_ring, chequers_ecumenical_altar_lobes, basic_altar,
          uniq_terence

Skill      XL: |  1 |
---------------+----+-----
Dodging        | 1 |  1.0
Fighting       | |  3.4
Maces & Flails | |  2.3
Armour         | |  2.4
Invocations    | |  2.4

Action                   || total
-------------------------++-------
Melee: Mace              ||    17
Invok: Depart the Abyss  ||     1
 Abil: Shaft Self        ||     1
Armor: Leather armour    ||     2
Dodge: Dodged            ||    13

Table legend: (Time is in decaauts)
 A = Elapsed time spent in this place.
 B = Non-inter-level travel time spent in this place.
 C = Inter-level travel time spent in this place.
 D = Time resting spent in this place.
 E = Time spent auto-exploring this place.
 F = Levels seen in this place.
 G = Mean time per level.
                   A        B        C        D        E       F      G
               +--------+--------+--------+--------+--------+-----+--------+
         Total |    311 |    311 |      0 |      0 |    250 |   3 |  103.7 |
       Dungeon |    243 |    243 |      0 |      0 |    184 |   2 |  121.5 |
         Abyss |     68 |     68 |      0 |      0 |     66 |   1 |   68.0 |
               +--------+--------+--------+--------+--------+-----+--------+

Top non-repeatable levels by time:
     D:1: 241 daAuts
 Abyss:1: 68 daAuts
     D:2: 1 daAuts
